 Dungeon Crawl Stone Soup version 0.31.0-32-g396128a36d (webtiles) character file.

Game seed: 13387757763248246511

1067 MisterFreud the Grappler (level 8, 0/70 (78) HPs)
             Began as a Troll Gladiator on Apr 1, 2024.
             Slain by a wight
             ... wielding a +0 halberd
              (15 damage)
             ... on level 7 of the Dungeon.
             The game lasted 00:03:58 (3778 turns).

MisterFreud the Grappler (Troll Gladiator)          Turns: 3778, Time: 00:03:59

HP:   0/70 (78)     AC:  5    Str: 23    XL:     8   Next: 7%
MP:   7/7           EV: 10    Int:  4    God:
Gold: 262           SH:  0    Dex: 13    Spells: 7/7 levels left

rFire   . .          .
                       - Unarmed
rCold   . . .        (no shield)
rNeg    . . .        a - +0 robe
rPois   .            b - +0 hat
rElec   .            i - +0 cloak
rCorr   .            (gloves unavailable)
SInv    .            (boots unavailable)
Will    .....        (no amulet)
Stlth   +            (no ring)
HPRegen 1.11/turn    (no ring)
MPRegen 0.10/turn

%: no passive effects
@: heavily drained
A: large, unfitting armour, claws 3, regeneration 1, shaggy fur 1, tough skin 1
a: no special abilities


You were on level 7 of the Dungeon.
You visited 1 branch of the dungeon, and saw 6 of its levels.

You collected 262 gold pieces.

Inventory:

Missiles
 c - 3 throwing nets
 d - a large rock (quivered)
 r - 17 poisoned darts
Armour
 a - a +0 robe (worn)
 b - a +0 hat (worn)
 i - a +0 cloak (worn)
Jewellery
 g - a ring of protection from fire
Talismans
 y - a serpent talisman
Wands
 l - a wand of iceblast (5)
Scrolls
 f - 2 scrolls of blinking
 h - a scroll of amnesia
 j - a scroll of fog {unknown}
 k - a scroll of butterflies {unknown}
 m - a scroll of revelation {unknown}
 q - a scroll of acquirement {unknown}
 v - a scroll of torment {unknown}
 w - a scroll of fear {unknown}
 B - a scroll of vulnerability {unknown}
 C - a scroll of noise {unknown}
 E - a scroll of enchant armour {unknown}
Potions
 e - a potion of degeneration
 n - a potion of curing
 o - a potion of might
 s - a potion of magic
 t - 2 potions of brilliance
 u - a potion of attraction
 x - 3 potions of heal wounds
 z - a potion of lignification {unknown}
 A - a potion of cancellation


   Skills:
 + Level 3.9 Fighting
 - Level 4.0 Throwing
 - Level 2.4 Dodging
 - Level 8.0 Unarmed Combat


You had 7 spell levels left.
You didn't know any spells.
Your spell library contained the following spells:

 Spells                   Type           Power      Damage    Failure   Level
 Ensorcelled Hibernation  Hex/Ice        0%         N/A       65%         2
 Passwall                 Erth           0%         N/A       86%         3
 Swiftness                Air            0%         N/A       86%         3


Dungeon Overview and Level Annotations

Branches:
Dungeon (5/15)
 Temple: D:4-7

Altars:

Shops:
D:1 =   D:7 =

Annotations:
D:5 Menkaure


Innate Abilities, Weirdness & Mutations

You are too large for most types of armour.
You have claws for hands.
Your natural rate of healing is unusually fast.
You are covered in fur. (AC +1)
You have tough skin. (AC +1)


Message History

You feel drained. The wight attacks as it pursues you!
The wight closely misses you.
You mangle the wight!!
You destroy the wight!
Your life force feels restored.
You have reached level 8!
The wight hits you with a +5 long sword.
You feel drained.
The wight hits you from afar with a +0 spear.
Things that are here:
a +5 scimitar; a +0 robe You claw the wight!
The wight is almost destroyed.
The wight closely misses you.
The wight hits you with a +5 long sword!
The wight hits you from afar with a +0 spear.
You feel drained.
You claw the wight!
You destroy the wight!
The wight hits you from afar with a +0 halberd!
You feel drained. The wight barely misses you.
You closely miss the wight. The wight barely misses you.
The wight hits you from afar with a +0 halberd!
You feel drained.
The wight hits you from afar with a +0 spear!
* * * LOW HITPOINT WARNING * * *
You feel drained.
* * * LOW HITPOINT WARNING * * *
As you read the scroll of teleportation, it crumbles to dust.
You feel strangely unstable. The wight closely misses you.
The wight barely misses you.
You scratch the wight but do no damage. The wight barely misses you.
The wight hits you from afar with a +0 halberd!
* * * LOW HITPOINT WARNING * * *
Unknown command.
Your surroundings seem slightly different.
Found 10 gold pieces.
The wight closely misses you. The wight attacks as it pursues you!
The wight hits you from afar with a +0 halberd!
You die...

$# .# #.# ###.########
..........######## #
#..######......... #.
##..####..[........
##.##.@.........##..###
#...#...####ยง##.##..#
.......zz)z..##.##..#
...#...#######.##..#
##.##...# #.##..#
........[# #.##..#
.#......## #.##..#
##.#.... #.#...# #
....#


You could see 2 wights.

Vanquished Creatures
  Sigmund (D:2)
  A sky beast (D:7)
  An ice beast (D:3)
  A black bear (D:4)
  A bullfrog (D:7)
  A scorpion (D:4)
  2 wights (D:7)
  A jelly (D:4)
  Jessica (D:3)
  An iguana (D:5)
  Natasha (thrice) (D:3)
  Terence (D:3)
  An orc wizard (D:2)
  2 sleepcaps (D:5)
  Robin (D:2)
  An adder (D:4)
  A white imp (D:5)
  6 dart slugs
  2 ribbon worms
  11 orcs
  9 ball pythons
  3 bats
  4 endoplasms
  2 giant cockroaches
  15 goblins
  11 hobgoblins
  4 jackals (D:1)
  5 quokkas
  5 frilled lizards
  10 kobolds
  7 rats
115 creatures vanquished.

Notes
Turn   | Place    | Note
-------+----------+-------------------------------------------
     0 | D:1      | MisterFreud the Troll Gladiator began the quest for the
                  | Orb.
     0 | D:1      | Reached XP level 1. HP: 19/19 MP: 0/0
   105 | D:1      | Reached XP level 2. HP: 20/27 MP: 1/1
   352 | D:1      | Reached XP level 3. HP: 33/33 MP: 2/2
   377 | D:1      | Found Kyokaonkix's Jewellery Emporium.
   759 | D:2      | Noticed Sigmund
   767 | D:2      | Killed Sigmund
   768 | D:2      | Reached skill level 4 in Unarmed Combat
   768 | D:2      | Reached XP level 4. HP: 39/41 MP: 3/3
   768 | D:2      | Reached XP level 5. HP: 46/48 MP: 4/4
   821 | D:2      | Found a faded altar of an unknown god.
  1206 | D:2      | Reached skill level 5 in Unarmed Combat
  1210 | D:2      | Noticed Robin
  1218 | D:2      | Killed Robin
  1601 | D:3      | Reached XP level 6. HP: 51/55 MP: 5/5
  1622 | D:3      | Noticed Terence
  1630 | D:3      | Killed Terence
  1688 | D:3      | Noticed Jessica
  1707 | D:3      | Killed Jessica
  1768 | D:3      | Noticed an ice beast
  1775 | D:3      | Killed an ice beast
  1776 | D:3      | Reached skill level 6 in Unarmed Combat
  1988 | D:3      | Noticed Natasha
  1995 | D:3      | Killed Natasha
  2046 | D:3      | Noticed Natasha
  2052 | D:3      | Killed Natasha
  2711 | D:3      | Noticed Natasha
  2716 | D:3      | Killed Natasha
  2761 | D:4      | Reached skill level 7 in Unarmed Combat
  2761 | D:4      | Reached XP level 7. HP: 54/62 MP: 6/6
  3484 | D:5      | Entered Level 5 of the Dungeon
  3544 | D:5      | Reached skill level 8 in Unarmed Combat
  3576 | D:5      | Noticed Menkaure
  3584 | D:5      | You fall into a shaft and drop 2 floors!
  3584 | D:7      | Found Iwolal Reach's Jewellery Boutique.
  3769 | D:7      | Reached XP level 8. HP: 72/76 MP: 7/7
  3778 | D:7      | Slain by a wight

Illustrated notes

Levels and vault maps discovered:
D:1:      dpeg_arrival_three_bigger_balls, layout_basic, serial_shops,
          nicolae_shop_window_shopping, minmay_pentomino_v2
D:2:      layout_basic, hellmonk_ecumenical_altar_lost_god, lemuel_flame_loot_1,
          uniq_sigmund, uniq_robin
D:3:      layout_basic, uniq_terence, uniq_jessica, uniq_natasha
D:4:      layout_loops_ring, kennysheep_generic_room_16
D:5:      layout_basic, serial_curves, eino_curves_03, eino_curves_01,
          eino_curves_01, guppyfry_early_lair_pool, uniq_crazy_yiuf_cottage,
          uniq_menkaure, uniq_blork_the_orc
D:7:      layout_loops_ring, serial_shops, shop, kennysheep_small_circle

Skill      XL: |  1  2  3  4  5  6  7 |
---------------+----------------------+-----
Throwing       | 2 4 |  4.0
Unarmed Combat | 4 5 7 8 |  8.0
Fighting       | 3 |  3.9
Dodging        | |  2.4

Action                     |  1- 3 |  4- 6 |  7- 9 || total
---------------------------+-------+-------+-------++-------
  Melee: Unarmed           |    88 |   136 |    66 ||   290
         Punch             |       |     3 |     5 ||     8
    Use: Scroll            |       |     7 |     5 ||    12
   Stab: Sleeping          |       |     1 |     3 ||     4
 Armour: Robe              |    59 |    70 |    45 ||   174
  Dodge: Dodged            |    32 |    50 |    26 ||   108
